 Dungeon Sprint DCSS version 0.27-a0-1416-g941b2bd30b (webtiles) character file.

Game seed: 4707615043170795158

591 mhtbhm the Thaumaturge (level 7, -2/36 HPs)
             Began as a Deep Elf Earth Elementalist on July 1, 2021.
             Was a Follower of Vehumet.
             Killed from afar by an orc wizard (9 damage)
             ... with a magic dart
             ... in the Dungeon (Sprint IX: "|||||||||||||||||||||||||||||").
             The game lasted 00:01:27 (535 turns).

mhtbhm the Thaumaturge (Deep Elf Earth Elementalist) Turns: 535, Time: 00:01:27

Health: -2/36      AC:  4    Str:  5    XL:     7   Next: 16%
Magic:  9/24       EV: 17    Int: 22    God:    Vehumet [*.....]
Gold:   0          SH:  0    Dex: 18    Spells: 24/30 levels left

rFire    . . .     SeeInvis .   a - +2 rapier (venom)
rCold    . . .     Faith    .   (no shield)
rNeg     . . .     Spirit   .   b - +0 robe
rPois    .         Reflect  .   l - +0 helmet
rElec    .         Harm     .   m - +0 cloak
rCorr    .         Rampage  .   (no gloves)
Will     .....     NoTele   +   (no boots)
Stlth    +++.......             (no amulet)
HPRegen  0.12/turn              n - +2 ring of evasion
MPRegen  0.19/turn              o - +3 ring of dexterity

@: very slightly contaminated, invisible
A: no striking features
a: Renounce Religion


You were in the Dungeon.
You worshipped Vehumet.
Vehumet was aware of your devotion.
You visited 1 branch

Inventory:

Hand Weapons
 a - a +2 rapier of venom (weapon)
Missiles
 i - 10 stones
Armour
 b - a +0 robe (worn)
 l - a +0 helmet (worn)
 m - a +0 cloak (worn)
Jewellery
 n - a +2 ring of evasion (left hand)
 o - a +3 ring of dexterity (right hand)
Wands
 k - a wand of acid (8)
Scrolls
 h - 2 scrolls of blinking
 j - 2 scrolls of amnesia
Potions
 c - 5 potions of curing
 d - 2 potions of heal wounds
 f - 3 potions of magic
 g - a potion of berserk rage


   Skills:
 + Level 5.1 Dodging
 + Level 5.7 Stealth
 + Level 12.4 Spellcasting
 + Level 1.6 Transmutations
 + Level 11.9 Earth Magic
 + Level 1.2 Evocations


You had 24 spell levels left.
You knew the following spells:

 Your Spells              Type           Power      Damage    Failure   Level
a - Sandblast             Erth           100%       2d20      1%          1
b - Passwall              Tmut/Erth      35%        N/A       1%          2
c - Stone Arrow           Conj/Erth      78%        3d11      1%          3

Your spell library contained the following spells:

 Spells                   Type           Power      Damage    Failure   Level
 Freeze                   Ice            52%        1d7       4%          1
 Lee's Rapid Deconstruct  Erth           30%        3d17*     1%          5
 Petrify                  Tmut/Erth      43%        N/A       2%          4


Dungeon Overview and Level Annotations

Branches:
Dungeon (1/1)

Altars:
Cheibriados
Dithmenos
Elyvilon
Fedhas
Gozag
Hepliaklqana
Kikubaaqudgha
Makhleb
Nemelex Xobeh
Okawaru
Qazlal
Ru
Sif Muna
Trog
Uskayaw
Vehumet
Wu Jian
Xom
Yredelemnul
Zin
The Shining One
Beogh
Jiyva
Lugonu


Message History

Press: ? - help, Shift-Dir - straight line, f/p - troll
Aim: a troll (almost dead, covered in acid, 71% to hit)
The bolt of acid misses the troll.
The bolt of acid hits the centaur!
The centaur is splashed with acid!
You kill the centaur!
Vehumet accepts your kill.
You can now gain magical power from killing.
Vehumet offers you knowledge of Freeze.
The bolt of acid hits the troll!
The troll is splashed with acid.
The troll seems to be corroded for longer.
You kill the troll!
Vehumet accepts your kill. The troll bites you but does no damage.
The troll claws you.
* * * LOW HITPOINT WARNING * * *
The troll misses you.
Your Dodging skill increases to level 4!
Your Stealth skill increases to level 5!
Your Spellcasting skill gained 3 levels and is now at level 11!
Your Earth Magic skill gained 3 levels and is now at level 11!
Your Evocations skill increases to level 1!
You have reached level 6!
Your experience leads to an increase in your attributes!
Your base attributes are Str 5, Int 21, Dex 15.
Increase (S)trength, (I)ntelligence, or (D)exterity?
You feel clever.
Casting: Sandblast (safe; 1% risk of failure)
Confirm with . or Enter, or press ? or * to list all spells.
Aiming: Sandblast (safe; 1% risk of failure)
Press: ? - help, Shift-Dir - straight line, f/p - troll
Aim: a troll (almost dead, covered in acid, 84% to hit)
The blast of sand hits the troll!!
You kill the troll!
Vehumet accepts your kill.
The troll leather armour is intact enough to wear.
Your Dodging skill increases to level 5!
Your Spellcasting skill increases to level 12!
You have reached level 7!
A magic dart appears from out of thin air!
The magic dart hits you!
You die... ▓▓▓▓▓▓▓▓▓▓▓▓▓▓▓▓▓▓▓▓▓▓▓▓ _______'..)...[.@)){.... ▓▓▓▓▓▓▓▓▓▓▓▓▓▓▓▓▓▓▓▓▓▓▓▓

There were no monsters in sight!

Vanquished Creatures
  2 trolls (D)
  3 centaurs (D)
  A gnoll shaman (D)
  An adder zombie (D)
  A dart slug (D)
  A giant cockroach (D)
  A hobgoblin (D)
  A jackal (D)
  A kobold (D)
  2 bats (D)
  A jackal zombie (D)
15 creatures vanquished.

Notes
Turn   | Place    | Note
-------+----------+-------------------------------------------
     0 | D        | mhtbhm the Deep Elf Earth Elementalist began the quest for
                  | the Orb.
     0 | D        | Reached XP level 1. HP: 10/10 MP: 6/6
   168 | D        | Noticed a gnoll shaman
   183 | D        | Killed a gnoll shaman
   184 | D        | Reached skill level 5 in Spellcasting
   184 | D        | Reached skill level 5 in Earth Magic
   184 | D        | Reached XP level 2. HP: 3/15 MP: 1/10
   184 | D        | Reached XP level 3. HP: 4/19 MP: 1/11
   449 | D        | Learned a level 2 spell: Passwall
   453 | D        | Learned a level 3 spell: Stone Arrow
   463 | D        | Found a snail-covered altar of Cheibriados.
   463 | D        | Found a shadowy altar of Dithmenos.
   463 | D        | Found a white marble altar of Elyvilon.
   463 | D        | Found a blossoming altar of Fedhas.
   463 | D        | Found an opulent altar of Gozag.
   464 | D        | Found a hazy altar of Hepliaklqana.
   465 | D        | Found a viscous altar of Jiyva.
   466 | D        | Found an ancient bone altar of Kikubaaqudgha.
   467 | D        | Found a corrupted altar of Lugonu.
   468 | D        | Found a burning altar of Makhleb.
   469 | D        | Found a sparkling altar of Nemelex Xobeh.
   470 | D        | Found an iron altar of Okawaru.
   471 | D        | Found a stormy altar of Qazlal.
   472 | D        | Found a sacrificial altar of Ru.
   473 | D        | Found a shimmering blue altar of Sif Muna.
   474 | D        | Found a bloodstained altar of Trog.
   475 | D        | Found a hide-covered altar of Uskayaw.
   476 | D        | Found a radiant altar of Vehumet.
   477 | D        | Found an ornate altar of the Wu Jian Council.
   478 | D        | Found a shimmering altar of Xom.
   479 | D        | Found a basalt altar of Yredelemnul.
   480 | D        | Found a glowing silver altar of Zin.
   481 | D        | Found a glowing golden altar of the Shining One.
   484 | D        | Became a worshipper of Vehumet
   523 | D        | Noticed a centaur
   523 | D        | Noticed a centaur
   523 | D        | Noticed a troll
   523 | D        | Noticed a centaur
   523 | D        | Noticed a troll
   526 | D        | Killed a centaur
   527 | D        | Reached skill level 7 in Spellcasting
   527 | D        | Reached XP level 4. HP: 24/24 MP: 12/15
   527 | D        | Killed a centaur
   528 | D        | Reached skill level 8 in Spellcasting
   528 | D        | Reached XP level 5. HP: 28/28 MP: 12/18
   533 | D        | Killed a centaur
   533 | D        | Reached * piety under Vehumet
   533 | D        | Offered knowledge of Freeze by Vehumet.
   533 | D        | Killed a troll
   534 | D        | Reached skill level 5 in Stealth
   534 | D        | Reached skill level 11 in Spellcasting
   534 | D        | Reached skill level 1 in Evocations
   534 | D        | Reached XP level 6. HP: 6/32 MP: 10/22
   534 | D        | Killed a troll
   535 | D        | Reached skill level 5 in Dodging
   535 | D        | Reached skill level 12 in Spellcasting
   535 | D        | Reached XP level 7. HP: 7/36 MP: 9/24
   535 | D        | Killed from afar by an orc wizard

Illustrated notes

Levels and vault maps discovered:
D:        linesprint [early_d, line_temple, items_1, d_10, items_2, lair_1,
          lair_end, items_3, orc_1, orc_end, items_4, d_15, swamp_1, shoals_1,
          snake_1, spider_1, d_20, vaults_1, items_5, swamp_end, shoals_end,
          snake_end, spider_end, vaults_end, d_27, items_6, zot_1, zot_end,
          crypt_end, forest_end, elf_end, slime_end, tomb_end, abyss_end,
          pan_hell_end]

Skill      XL: |  1  2  3  4  5  6 |
---------------+-------------------+-----
Stealth        | 3 4 5 |  5.7
Earth Magic    | 5 7 8 11 | 11.9
Spellcasting   | 5 7 8 11 12 | 12.4
Dodging        | 3 4 5 |  5.1
Evocations     | 1 |  1.2
Transmutations | |  1.6

Action                   |  1- 3 |  4- 6 |  7- 9 || total
-------------------------+-------+-------+-------++-------
 Cast: Sandblast         |    19 |     5 |       ||    24
Evoke: Wand              |       |     2 |       ||     2
  Use: Potion            |     4 |       |       ||     4
Armor: Robe              |     1 |     1 |       ||     2
Dodge: Dodged            |     5 |     1 |       ||     6

Table legend: (Time is in decaauts)
 A = Elapsed time spent in this place.
 B = Non-inter-level travel time spent in this place.
 C = Inter-level travel time spent in this place.
 D = Time resting spent in this place.
 E = Time spent auto-exploring this place.
 F = Levels seen in this place.
 G = Mean time per level.
                   A        B        C        D        E       F      G
               +--------+--------+--------+--------+--------+-----+--------+
         Total |    513 |    513 |      0 |    387 |      3 |   1 |  513.0 |
       Dungeon |    513 |    513 |      0 |    387 |      3 |   1 |  513.0 |
               +--------+--------+--------+--------+--------+-----+--------+

Top non-repeatable levels by time:
       D: 513 daAuts
